 Dungeon Crawl Stone Soup version 0.31-a0-702-gf82c85558f (webtiles) character file.

Game seed: 1400734337903416801

121834 qw the Marksgargoyle (level 16, -8/112 HPs)
             Began as a Gargoyle Hunter on Sept 8, 2023.
             Was a Priest of Okawaru.
             Shot themself with an arrow (32 damage)
             ... on level 1 of the Spider Nest.
             The game lasted 00:11:31 (19188 turns).

qw the Marksgargoyle (Gargoyle Hunter)             Turns: 19188, Time: 00:11:32

Health: -8/112     AC: 34    Str: 17    XL:     16   Next: 86%
Magic:  23/23      EV: 26    Int: 10    God:    Okawaru [***...]
Gold:   160        SH:  0    Dex: 19    Spells: 15/15 levels left

rFire   . . .        d - +0 longbow (heavy)
rCold   . . .        (shield currently unavailable)
rNeg    + . .        n - +2 troll leather armour {Snorg}
rPois   inf          b - +2 helmet {SInv}
rElec   +            o - +0 cloak
rCorr   .            w - +2 pair of gloves
SInv    +            l - +1 pair of boots
Will    +....        e - amulet of faith
Stlth   +++          q - +5 ring of evasion
HPRegen 1.18/turn    j - +4 ring of protection
MPRegen 0.18/turn

%: faith
@: about to teleport, heroic, flying
A: sickness immunity, AC +12, big wings, negative energy resistance 1,
electricity resistance, torment resistance 1, petrification resistance
a: Renounce Religion, Heroism


You were on level 1 of the Spider Nest.
You worshipped Okawaru.
Okawaru was most pleased with you.
You visited 5 branches of the dungeon, and saw 24 of its levels.

You collected 2409 gold pieces.
You spent 2249 gold pieces at shops.


Innate Abilities, Weirdness & Mutations

You are immune to sickness and miasma.
Your stone body is resilient. (AC +12)
You are immune to poison.
Your large and strong wings let you fly.
You resist negative energy. (rN+)
You are resistant to electric shocks. (rElec)
You are resistant to unholy torment.
You are immune to petrification.


   Skills:
 - Level 17.0(22.0) Fighting
 - Level 20.0(25.0) Ranged Weapons
 - Level 9.0(14.0) Armour
 + Level 9.6(14.6) Dodging
 - Level 1.1(6.1) Stealth
 - Level 10.1 Invocations


You had 15 spell levels left.
You didn't know any spells.
Your spell library was empty.

Inventory:

Hand Weapons
 d - a +0 heavy longbow (weapon)
Armour
 b - a +2 helmet of see invisible (worn)
 l - a +1 pair of boots (worn)
 n - a +2 troll leather armour (worn) {Snorg}
 o - a +0 cloak (worn)
 w - a +2 pair of gloves (worn)
Jewellery
 a - the ring "Ystamixi" {Ice rN+ Will+ Str+3}
   (You found it on level 9 of the Dungeon)

   [ring of ice]

   Ice:       It enhances your ice magic.
   Str+3:     It affects your strength (+3).
   rF-:       It makes you vulnerable to fire.
   rC+:       It protects you from cold.
   rN+:       It protects you from negative energy.
   Will+:     It increases your willpower.
 e - an amulet of faith (around neck)
 j - a +4 ring of protection (right hand)
 q - a +5 ring of evasion (left hand)
 u - the brooch of Shielding {Spirit SH+8}
   (You bought it in a shop on level 2 of the Orcish Mines)

   [amulet of guardian spirit]

   Spirit:    It causes incoming damage to be divided between your reserves of
   health and magic.
   SH+8:      It affects your SH (+8).
 x - a ring of fire
Wands
 v - a wand of digging (10)
Scrolls
 g - 7 scrolls of teleportation
 i - a scroll of brand weapon
 k - 9 scrolls of identify
Potions
 c - 6 potions of enlightenment
 f - 2 potions of mutation
 h - 4 potions of haste
 m - 2 potions of might
 p - 2 potions of resistance
 r - 2 potions of cancellation
 t - a potion of curing

Dungeon Overview and Level Annotations

Branches:
Dungeon (15/15)            Temple (1/1) D:6            Lair (5/5) D:9
 Shoals (0/4) Lair:3       Spider (1/4) Lair:3        Slime (0/5) Lair:5
    Orc (2/2) D:12            Elf (0/3) Orc:2        Vaults (0/5) D:14
 Depths (0/4) D:15

Altars:
Ashenzari
Cheibriados
Dithmenos
Elyvilon
Fedhas
Gozag
Hepliaklqana
Kikubaaqudgha
Makhleb
Nemelex Xobeh
Okawaru
Qazlal
Ru
Sif Muna
Trog
Uskayaw
Vehumet
Wu Jian
Xom
Yredelemnul
Zin
The Shining One
Jiyva

Shops:
D:6 *   D:8 (   D:11 (   Orc:2 ((=*[

Annotations:
D:8 1 runed translucent door
D:15 3 runed translucent doors, Ruat's ghost, adept DECj
Spider:1 Donald


Message History

Donald hits you with a +4 long sword of electrocution!
Donald completely misses you.
You shoot an arrow.
Donald blocks the arrow with his +0 kite shield of reflection... and reflects it back!
The arrow hits you! Donald barely misses you.
You shoot an arrow.
Donald blocks the arrow with his +0 kite shield of reflection... and reflects it back!
The arrow hits you but does no damage.
Donald says, "I hate crawling things."
Donald hits you but does no damage.
The tarantella touches you but does no damage.
Donald completely misses you.
You shoot an arrow.
Donald blocks the arrow with his +0 kite shield of reflection... and reflects it back!
The arrow hits you!!
The tarantella touches you but does no damage.
Donald says, "You can only wear one cloak at a time, you know?"
Donald completely misses you.
Donald says, "What lunatic would build a room out of doors?"
Donald hits you but does no damage. The tarantella touches you.
You are confused.
19185 ||| DRINKING 2 potions of curing.
You feel better.
19185 ||| (to cure confusion)
The tarantella touches you but does no damage.
Donald hits you with a +4 long sword of electrocution!
You shoot an arrow. The arrow hits Donald!!
Donald is almost dead.
Donald completely misses you. The tarantella misses you.
Donald hits you with a +4 long sword of electrocution!!
The tarantella touches you but does no damage.
19187 ||| READING 8 scrolls of teleportation.
As you read the scroll of teleportation, it crumbles to dust.
You feel strangely unstable. Donald barely misses you.
The tarantella touches you but does no damage.
You shoot an arrow.
Donald blocks the arrow with his +0 kite shield of reflection... and reflects it back!
The arrow hits you!!
You die...

. #....##..>#..<##.. #.
###...#.###....###
#..#.#...#####.......
#......#####.##......
#..##.#.#..#..#......
.### .###...#.#.........
.....#.#...####...#.#..#
.......#...##.#...###...
#....@@.#..#.######....
##...s####%#...#..#....
....).. #.#.......#....
..##... ####..#..##^..#
. #.... ####.##.....
...... ###....^. ...##..
#......# ..^ #..
####.### ###


You could see Donald (fast, strong, reflecting) and a tarantella.

Vanquished Creatures
  Saint Roka (Orc:2)
  Gastronok (D:11)
  2 orc warlords (Orc:2)
  An ironbound preserver (D:14)
  Azrael (D:13)
  Snorg (D:11)
  An ettin (Orc:2)
  Fannar (D:10)
  A rakshasa (D:13)
  9 hydras
  2 ogre magi (D:15)
  Erolcha (D:10)
  Harold (D:11)
  A catoblepas (Lair:5)
  4 boulder beetles
  8 centaur warriors
  A death knight (D:13)
  17 two-headed ogres
  A deep troll shaman (Lair:5)
  18 death yaks
  2 orc high priests (Orc:2)
  Nergalle (Orc:1)
  Sonja (D:12)
  A skyshark (Lair:3)
  A skeletal warrior (D:13)
  A steelbarb worm (Spider:1)
  A glowing orange brain (D:15)
  3 orc knights
  2 lindwurms (Lair:5)
  2 deep elf pyromancers (D:14)
  5 orc sorcerers (Orc:2)
  2 cyclopes
  25 ugly things
  A salamander (shapeshifter) (D:13)
  3 manticores
  26 elephants
  5 black mambas
  5 gargoyles
  10 cane toads
  Psyche (D:10)
  6 rime drakes
  2 kobold demonologists (D:13)
  A tengu conjurer (D:13)
  4 komodo dragons
  4 freezing wraiths
  A meliai (Lair:3)
  3 polar bears
  9 trolls
  22 blink frogs
  A hornet (D:9)
  A dream sheep (Lair:3)
  19 slime creatures
  A spriggan (Lair:3)
  A shadow (D:11)
  3 vampires
  4 wraiths
  55 yaks
  A fire bat (shapeshifter) (D:14)
  5 wyverns
  A steam dragon (D:10)
  3 fire elementals (D:13)
  A human (shapeshifter) (D:15)
  8 vampire mosquitoes (D:14)
  3 basilisks
  Menkaure (D:5)
  2 wargs
  2 acid dragons
  12 water moccasins
  2 hell hounds (D:13)
  37 orc warriors
  2 ice beasts (D:6)
  A sky beast (D:6)
  3 black bears
  13 ogres
  5 wolves (Lair:5)
  15 centaurs
  6 kobold brigands
  A phantom (D:7)
  18 bullfrogs
  4 scorpions
  2 gnoll sergeants
  11 wights
  4 killer bees
  6 howler monkeys
  6 hounds
  5 jellies
  18 orc priests
  2 sleepcaps
  Natasha (thrice) (D:3)
  3 iguanas
  27 orc wizards
  13 gnolls
  6 adders
  2 white imps (D:6)
  91 orcs
  8 ball pythons
  5 endoplasms
  A giant cockroach (D:1)
  8 goblins
  6 hobgoblins
  29 kobolds
  2 quokkas
  6 bats
  5 frilled lizards
  3 rats (D:6)
726 creatures vanquished.

Vanquished Creatures (others)
  An orc warrior (Orc:2)
1 creature vanquished.

Grand Total: 727 creatures vanquished

Notes
Turn   | Place    | Note
-------+----------+-------------------------------------------
     0 | D:1      | qw the Gargoyle Hunter began the quest for the Orb.
     0 | D:1      | Reached XP level 1. HP: 12/12 MP: 1/1
     0 | D:1      | 0 ||| qw: Version: 0.3-a-76-g4403597
     0 | D:1      | 0 ||| qw: Game counter: 979
     0 | D:1      | 0 ||| qw: Melee chars always use a shield: true
     0 | D:1      | 0 ||| qw: God list: Okawaru
     0 | D:1      | 0 ||| qw: Allow faded altars: false
     0 | D:1      | 0 ||| qw: Do Orc after clearing Dungeon:15 true
     0 | D:1      | 0 ||| qw: Do second Lair branch before Depths: true
     0 | D:1      | 0 ||| qw: Lair rune preference: random
     0 | D:1      | 0 ||| qw: Goals: Normal
     0 | D:1      | 0 ||| PLANNING D:1-11
   189 | D:1      | Reached XP level 2. HP: 17/17 MP: 2/2
   816 | D:1      | 816 ||| UPGRADING to +4 ring of slaying {mikee}.
   817 | D:1      | 817 ||| READING scroll labelled NUFFYM ISOINK.
   818 | D:1      | 818 ||| READING scroll labelled GEHENN QIAFRUPPI.
   822 | D:1      | 822 ||| READING scroll labelled PUATWU DAGIUS.
   823 | D:1      | 823 ||| DROPPING scroll of butterflies.
   908 | D:2      | Reached skill level 5 in Ranged Weapons
   908 | D:2      | Reached XP level 3. HP: 21/21 MP: 3/3
   938 | D:2      | Found a white marble altar of Elyvilon.
  1176 | D:2      | Reached skill level 3 in Fighting
  1176 | D:2      | Reached XP level 4. HP: 14/28 MP: 4/4
  1353 | D:2      | 1353 ||| UPGRADING to +0 ring mail.
  1363 | D:2      | 1363 ||| DROPPING +0 leather armour.
  1364 | D:2      | 1364 ||| READING scroll labelled TOSUAX TAPLAE.
  1365 | D:2      | 1365 ||| DRINKING 2 black potions.
  1489 | D:3      | 1489 ||| Stepping ~*~*~tactically~*~*~ (outnumbered).
  1550 | D:3      | Noticed Natasha
  1555 | D:3      | Killed Natasha
  1556 | D:3      | Reached skill level 1 in Armour
  1723 | D:3      | Reached XP level 5. HP: 25/32 MP: 5/5
  1900 | D:3      | Noticed Natasha
  1906 | D:3      | Killed Natasha
  1979 | D:3      | Noticed Natasha
  1983 | D:3      | 1983 ||| Stepping ~*~*~tactically~*~*~ (outnumbered).
  1985 | D:3      | 1985 ||| RETREATING.
  1987 | D:3      | 1987 ||| Stepping ~*~*~tactically~*~*~ (retreating).
  1988 | D:3      | 1988 ||| Stepping ~*~*~tactically~*~*~ (retreating).
  1989 | D:3      | 1989 ||| Stepping ~*~*~tactically~*~*~ (retreating).
  1990 | D:3      | 1990 ||| Stepping ~*~*~tactically~*~*~ (retreating).
  1991 | D:3      | 1991 ||| Stepping ~*~*~tactically~*~*~ (retreating).
  1993 | D:3      | 1993 ||| Stepping ~*~*~tactically~*~*~ (retreating).
  1994 | D:3      | 1994 ||| Stepping ~*~*~tactically~*~*~ (retreating).
  1998 | D:3      | Killed Natasha
  2061 | D:3      | Reached skill level 6 in Ranged Weapons
  2108 | D:3      | Reached XP level 6. HP: 38/38 MP: 6/6
  2175 | D:3      | 2175 ||| UPGRADING to ring of protection from cold.
  2176 | D:3      | 2176 ||| UPGRADING to +4 ring of protection.
  2178 | D:3      | 2178 ||| DROPPING ring of protection from cold.
  2179 | D:3      | 2179 ||| READING scroll labelled PEMUQ DAGGAO.
  2580 | D:4      | Reached skill level 7 in Ranged Weapons
  3039 | D:4      | 3039 ||| UPGRADING to +0 helmet.
  3044 | D:4      | 3044 ||| UPGRADING to +0 cloak.
  3049 | D:4      | 3049 ||| READING scroll of enchant armour.
  3049 | D:4      | 3049 ||| ENCHANTING +0 helmet.
  3050 | D:4      | 3050 ||| READING scroll labelled POABRU SUDUO.
  3051 | D:4      | 3051 ||| READING scroll labelled ATUFOGR GOUVI.
  3117 | D:5      | Entered Level 5 of the Dungeon
  3133 | D:5      | Reached skill level 3 in Armour
  3133 | D:5      | Reached XP level 7. HP: 39/43 MP: 7/7
  3245 | D:5      | 3245 ||| Stepping ~*~*~tactically~*~*~ (retreating).
  3247 | D:5      | 3247 ||| Stepping ~*~*~tactically~*~*~ (retreating).
  3248 | D:5      | 3248 ||| Stepping ~*~*~tactically~*~*~ (retreating).
  3249 | D:5      | 3249 ||| Stepping ~*~*~tactically~*~*~ (retreating).
  3257 | D:5      | Reached skill level 8 in Ranged Weapons
  3402 | D:5      | Noticed Menkaure
  3406 | D:5      | Killed Menkaure
  3407 | D:5      | Reached XP level 8. HP: 42/50 MP: 8/8
  3912 | D:5      | 3912 ||| DRINKING 3 potions of curing.
  3912 | D:5      | 3912 ||| (to cure confusion)
  3981 | D:5      | 3981 ||| READING scroll labelled RONKYUK TUKYX.
  3982 | D:5      | 3982 ||| READING scroll labelled GEYVUACIPE.
  3983 | D:5      | 3983 ||| DRINKING 2 sedimented inky potions.
  3984 | D:5      | 3984 ||| READING 2 scrolls of identify.
  3984 | D:5      | 3984 ||| IDENTIFYING fizzy yellow potion
  3985 | D:5      | 3985 ||| DROPPING potion of lignification.
  4088 | D:6      | Found a staircase to the Ecumenical Temple.
  4089 | D:6      | 4089 ||| PLANNING TEMPLE
  4098 | D:6      | Reached skill level 9 in Ranged Weapons
  4105 | Temple   | Entered the Ecumenical Temple
  4106 | Temple   | 4106 ||| PLANNING OKAWARU WORSHIP
  4125 | Temple   | Became a worshipper of Warmaster Okawaru
  4126 | Temple   | 4126 ||| PLANNING D:1-11
  4228 | D:6      | Found a blossoming altar of Fedhas.
  4405 | D:6      | Found a hazy altar of Hepliaklqana.
  4408 | D:6      | Found an ancient bone altar of Kikubaaqudgha.
  4430 | D:6      | Found Tudagg's Assorted Antiques.
  4436 | D:6      | 4436 ||| RETREATING.
  4444 | D:6      | HP: 6/51 [orc wizard/puff of flame (8)]
  4445 | D:6      | Reached skill level 6 in Fighting
  4445 | D:6      | 4445 ||| READING 2 scrolls of teleportation.
  4448 | D:6      | 4448 ||| READING scroll of teleportation.
  4695 | D:6      | 4695 ||| BUYING brown potion (26 gold).
  4695 | D:6      | Bought a brown potion for 26 gold pieces
  4695 | D:6      | 4695 ||| BUYING purple potion (26 gold).
  4695 | D:6      | Bought a purple potion for 26 gold pieces
  4695 | D:6      | 4695 ||| BUYING scroll of enchant armour (217 gold).
  4695 | D:6      | Bought a scroll of enchant armour for 217 gold pieces
  4695 | D:6      | 4695 ||| SHOPLISTING small iron ring (145 gold, have 88).
  4695 | D:6      | 4695 ||| READING scroll of enchant armour.
  4695 | D:6      | 4695 ||| ENCHANTING +1 helmet.
  4730 | D:6      | 4730 ||| DRINKING 2 brown potions.
  4731 | D:6      | 4731 ||| READING 2 scrolls of identify.
  4731 | D:6      | 4731 ||| IDENTIFYING white potion
  4732 | D:6      | 4732 ||| DROPPING potion of invisibility.
  4818 | D:6      | Reached * piety under Okawaru
  4819 | D:6      | Reached skill level 10 in Ranged Weapons
  4819 | D:6      | Reached XP level 9. HP: 55/55 MP: 9/9
  4924 | D:6      | 4924 ||| INVOKING Heroism.
  4930 | D:6      | Reached skill level 1 in Invocations
  4952 | D:6      | 4952 ||| INVOKING Heroism.
  5193 | D:6      | 5193 ||| UPGRADING to +0 pair of boots.
  5198 | D:6      | 5198 ||| UPGRADING to +5 ring of evasion.
  5200 | D:6      | 5200 ||| DROPPING +4 ring of slaying {mikee}.
  5209 | D:7      | 5209 ||| Stepping ~*~*~tactically~*~*~ (outnumbered).
  5211 | D:7      | 5211 ||| STAIRDANCE
  5220 | D:7      | 5220 ||| STAIRDANCE
  5245 | D:7      | 5245 ||| STAIRDANCE
  5278 | D:7      | 5278 ||| INVOKING Heroism.
  5333 | D:7      | 5333 ||| SWAPPING to +0 longbow.
  5334 | D:7      | 5334 ||| DROPPING +0 shortbow of draining.
  5391 | D:7      | 5391 ||| INVOKING Heroism.
  5439 | D:7      | 5439 ||| INVOKING Heroism.
  5512 | D:7      | Reached skill level 3 in Invocations
  5512 | D:7      | 5512 ||| INVOKING Heroism.
  5689 | D:7      | Reached skill level 11 in Ranged Weapons
  5859 | D:7      | 5859 ||| READING scroll of brand weapon.
  5859 | D:7      | 5859 ||| BRANDING +0 longbow.
  5861 | D:7      | 5861 ||| UPGRADING to +3 leather armour.
  5871 | D:7      | 5871 ||| DROPPING +0 ring mail.
  5872 | D:7      | 5872 ||| READING scroll labelled CEC KI ROAS.
  5873 | D:7      | 5873 ||| DRINKING 2 fizzy orange potions.
  5874 | D:7      | 5874 ||| DRINKING 2 metallic inky potions.
  5875 | D:7      | 5875 ||| READING 4 scrolls of identify.
  5875 | D:7      | 5875 ||| IDENTIFYING fizzy dark potion
  5876 | D:7      | 5876 ||| READING 3 scrolls of identify.
  5876 | D:7      | 5876 ||| IDENTIFYING purple potion
  5877 | D:7      | 5877 ||| READING 2 scrolls of identify.
  5877 | D:7      | 5877 ||| IDENTIFYING emerald potion
  5878 | D:7      | 5878 ||| DROPPING potion of degeneration.
  5879 | D:7      | 5879 ||| DROPPING potion of brilliance.
  5926 | D:8      | Identified the +8 war axe of the Teaching Gods {venom,
                  | Str+5}
  5937 | D:8      | 5937 ||| RETREATING.
  5940 | D:8      | 5940 ||| Stepping ~*~*~tactically~*~*~ (retreating).
  5956 | D:8      | Reached skill level 3 in Dodging
  5973 | D:8      | Found Tuwnalaekh's Weapon Emporium.
  6078 | D:8      | Reached XP level 10. HP: 64/64 MP: 13/13
  6169 | D:8      | 6169 ||| Stepping ~*~*~tactically~*~*~ (outnumbered).
  6185 | D:8      | 6185 ||| DRINKING 3 potions of curing.
  6185 | D:8      | 6185 ||| (to cure confusion)
  6306 | D:8      | 6306 ||| Stepping ~*~*~tactically~*~*~ (outnumbered).
  6313 | D:8      | 6313 ||| INVOKING Heroism.
  6379 | D:8      | Noticed a deep elf pyromancer
  6379 | D:8      | Noticed a deep elf pyromancer
  6380 | D:8      | Found a runed translucent door.
  6381 | D:8      | Noticed a brown ugly thing
  6382 | D:8      | Noticed a centaur warrior
  6382 | D:8      | Noticed a wizard
  6382 | D:8      | Noticed an ogre mage
  6460 | D:8      | 6460 ||| Stepping ~*~*~tactically~*~*~ (outnumbered).
  6895 | D:8      | 6895 ||| DROPPING +6 ring of intelligence.
  6896 | D:8      | 6896 ||| DRINKING 2 silvery potions.
  6897 | D:8      | 6897 ||| DRINKING 3 pink potions.
  6898 | D:8      | 6898 ||| READING 2 scrolls of identify.
  6898 | D:8      | 6898 ||| IDENTIFYING coppery potion
  6899 | D:8      | 6899 ||| DROPPING potion of attraction.
  6923 | D:9      | 6923 ||| STAIRDANCE
  6929 | D:8      | Reached ** piety under Okawaru
  7021 | D:9      | 7021 ||| STAIRDANCE
  7096 | D:9      | 7096 ||| STAIRDANCE
  7098 | D:8      | 7098 ||| INVOKING Heroism.
  7103 | D:8      | Reached skill level 12 in Ranged Weapons
  7230 | D:9      | Identified the ring "Ystamixi" {Ice rN+ Will+ Str+3}
  7294 | D:9      | Noticed an elephant
  7295 | D:9      | 7295 ||| RETREATING.
  7301 | D:9      | 7301 ||| Stepping ~*~*~tactically~*~*~ (retreating).
  7307 | D:9      | 7307 ||| Stepping ~*~*~tactically~*~*~ (retreating).
  7308 | D:9      | 7308 ||| Stepping ~*~*~tactically~*~*~ (retreating).
  7309 | D:9      | 7309 ||| Stepping ~*~*~tactically~*~*~ (retreating).
  7316 | D:9      | Killed an elephant
  7331 | D:9      | Found a staircase to the Lair.
  7344 | D:9      | 7344 ||| READING scroll of brand weapon.
  7344 | D:9      | 7344 ||| BRANDING +0 longbow of freezing.
  7355 | D:9      | Reached *** piety under Okawaru
  7387 | D:9      | 7387 ||| Stepping ~*~*~tactically~*~*~ (outnumbered).
  7389 | D:9      | 7389 ||| Stepping ~*~*~tactically~*~*~ (outnumbered).
  7450 | D:9      | Reached skill level 13 in Ranged Weapons
  7567 | D:9      | Reached skill level 9 in Fighting
  7583 | D:9      | 7583 ||| RETREATING.
  7584 | D:9      | 7584 ||| Stepping ~*~*~tactically~*~*~ (retreating).
  7585 | D:9      | 7585 ||| Stepping ~*~*~tactically~*~*~ (retreating).
  7586 | D:9      | 7586 ||| Stepping ~*~*~tactically~*~*~ (retreating).
  7629 | D:9      | 7629 ||| INVOKING Heroism.
  7631 | D:9      | Reached XP level 11. HP: 71/71 MP: 11/14
  7691 | D:9      | 7691 ||| DRINKING 2 potions of curing.
  7691 | D:9      | 7691 ||| (to cure confusion)
  7781 | D:9      | 7781 ||| UPGRADING to +0 troll leather armour.
  7791 | D:9      | 7791 ||| DROPPING +3 leather armour.
  7853 | D:9      | Reached **** piety under Okawaru
  8062 | D:9      | 8062 ||| Stepping ~*~*~tactically~*~*~ (retreating).
  8063 | D:9      | 8063 ||| Stepping ~*~*~tactically~*~*~ (retreating).
  8064 | D:9      | 8064 ||| DRINKING potion of curing.
  8064 | D:9      | 8064 ||| (to cure confusion)
  8065 | D:9      | 8065 ||| Stepping ~*~*~tactically~*~*~ (retreating).
  8066 | D:9      | 8066 ||| INVOKING Heroism.
  8133 | D:9      | 8133 ||| PLANNING LAIR
  8174 | Lair:1   | Entered Level 1 of the Lair of Beasts
  8175 | Lair:1   | 8175 ||| INVOKING Heroism.
  8206 | Lair:1   | 8206 ||| INVOKING Heroism.
  8210 | Lair:1   | Received a gift from Okawaru
  8254 | Lair:1   | Reached skill level 14 in Ranged Weapons
  8287 | Lair:1   | 8287 ||| RETREATING.
  8291 | Lair:1   | Received a gift from Okawaru
  8312 | Lair:1   | 8312 ||| RETREATING.
  8315 | Lair:1   | 8315 ||| Stepping ~*~*~tactically~*~*~ (retreating).
  8318 | Lair:1   | 8318 ||| Stepping ~*~*~tactically~*~*~ (retreating).
  8319 | Lair:1   | 8319 ||| Stepping ~*~*~tactically~*~*~ (retreating).
  8323 | Lair:1   | 8323 ||| Stepping ~*~*~tactically~*~*~ (retreating).
  8324 | Lair:1   | 8324 ||| Stepping ~*~*~tactically~*~*~ (retreating).
  8325 | Lair:1   | 8325 ||| Stepping ~*~*~tactically~*~*~ (retreating).
  8326 | Lair:1   | 8326 ||| Stepping ~*~*~tactically~*~*~ (retreating).
  8334 | Lair:1   | 8334 ||| INVOKING Heroism.
  8335 | Lair:1   | 8335 ||| Stepping ~*~*~tactically~*~*~ (retreating).
  8336 | Lair:1   | 8336 ||| Stepping ~*~*~tactically~*~*~ (retreating).
  8337 | Lair:1   | 8337 ||| Stepping ~*~*~tactically~*~*~ (retreating).
  8338 | Lair:1   | 8338 ||| Stepping ~*~*~tactically~*~*~ (retreating).
  8339 | Lair:1   | 8339 ||| Stepping ~*~*~tactically~*~*~ (retreating).
  8340 | Lair:1   | 8340 ||| Stepping ~*~*~tactically~*~*~ (retreating).
  8373 | Lair:1   | 8373 ||| INVOKING Heroism.
  8529 | Lair:1   | Reached skill level 6 in Invocations
  8561 | Lair:1   | 8561 ||| Stepping ~*~*~tactically~*~*~ (water).
  8563 | Lair:1   | 8563 ||| Stepping ~*~*~tactically~*~*~ (water).
  8564 | Lair:1   | 8564 ||| INVOKING Heroism.
  8565 | Lair:1   | 8565 ||| RETREATING.
  8620 | Lair:1   | 8620 ||| INVOKING Heroism.
  8809 | Lair:1   | Noticed a boulder beetle
  8810 | Lair:1   | 8810 ||| INVOKING Heroism.
  8828 | Lair:1   | Killed a boulder beetle
  8960 | Lair:1   | 8960 ||| RETREATING.
  8972 | Lair:1   | Reached ***** piety under Okawaru
  8973 | Lair:1   | Reached XP level 12. HP: 77/77 MP: 17/17
  9118 | Lair:1   | 9118 ||| UPGRADING to +0 pair of gloves.
  9148 | Lair:2   | 9148 ||| STAIRDANCE
  9262 | Lair:2   | 9262 ||| RETREATING.
  9353 | Lair:2   | Identified the +1 pair of gloves of True Grit {rElec}
                  | (Okawaru gifted it to you on level 2 of the Lair of Beasts)
  9353 | Lair:2   | Received a gift from Okawaru
  9453 | Lair:2   | You fall into a shaft and drop 2 floors!
  9467 | Lair:4   | Noticed a boulder beetle
  9468 | Lair:4   | Reached skill level 15 in Ranged Weapons
  9468 | Lair:4   | Reached skill level 9 in Invocations
  9468 | Lair:4   | 9468 ||| INVOKING Heroism.
  9469 | Lair:4   | 9469 ||| INVOKING Finesse.
  9475 | Lair:4   | Killed a boulder beetle
  9553 | Lair:4   | 9553 ||| UPGRADING to +1 pair of gloves of True Grit
                  | {rElec}.
  9563 | Lair:4   | 9563 ||| DROPPING +0 pair of gloves.
  9564 | Lair:4   | 9564 ||| UPGRADING to amulet of the acrobat.
  9569 | Lair:4   | 9569 ||| DROPPING amulet of magic regeneration.
  9570 | Lair:4   | 9570 ||| READING scroll labelled ZOKHLU QAOLU.
  9571 | Lair:4   | 9571 ||| READING scroll labelled IRUXKIRODA.
  9594 | Lair:3   | 9594 ||| RETREATING.
  9601 | Lair:3   | 9601 ||| Stepping ~*~*~tactically~*~*~ (retreating).
 10091 | Lair:3   | Noticed a death yak
 10092 | Lair:3   | 10092 ||| INVOKING Heroism.
 10093 | Lair:3   | 10093 ||| INVOKING Finesse.
 10097 | Lair:3   | Killed a death yak
 10098 | Lair:3   | Noticed a death yak
 10099 | Lair:3   | Noticed a death yak
 10100 | Lair:3   | Killed a death yak
 10104 | Lair:3   | Killed a death yak
 10147 | Lair:3   | Found a staircase to the Shoals.
 10289 | Lair:3   | Noticed a death yak
 10289 | Lair:3   | Noticed a death yak
 10290 | Lair:3   | 10290 ||| INVOKING Heroism.
 10295 | Lair:3   | 10295 ||| INVOKING Finesse.
 10298 | Lair:3   | Killed a death yak
 10299 | Lair:3   | Noticed a death yak
 10299 | Lair:3   | Noticed a death yak
 10300 | Lair:3   | 10300 ||| RETREATING.
 10313 | Lair:3   | Killed a death yak
 10319 | Lair:3   | Killed a death yak
 10319 | Lair:3   | Noticed a death yak
 10327 | Lair:3   | 10327 ||| RETREATING.
 10328 | Lair:3   | 10328 ||| Stepping ~*~*~tactically~*~*~ (retreating).
 10332 | Lair:3   | Killed a death yak
 10340 | Lair:3   | Killed a death yak
 10386 | Lair:3   | Reached XP level 13. HP: 82/82 MP: 20/20
 10454 | Lair:3   | Found a hole to the Spider Nest.
 10455 | Lair:3   | 10455 ||| INVOKING Heroism.
 10511 | Lair:3   | Reached skill level 16 in Ranged Weapons
 10561 | Lair:3   | 10561 ||| INVOKING Heroism.
 10565 | Lair:3   | 10565 ||| RETREATING.
 10679 | Lair:3   | 10679 ||| Stepping ~*~*~tactically~*~*~ (retreating).
 10680 | Lair:3   | 10680 ||| Stepping ~*~*~tactically~*~*~ (retreating).
 10681 | Lair:3   | 10681 ||| Stepping ~*~*~tactically~*~*~ (retreating).
 10682 | Lair:3   | 10682 ||| Stepping ~*~*~tactically~*~*~ (retreating).
 10683 | Lair:3   | 10683 ||| Stepping ~*~*~tactically~*~*~ (retreating).
 10684 | Lair:3   | 10684 ||| Stepping ~*~*~tactically~*~*~ (retreating).
 10685 | Lair:3   | 10685 ||| Stepping ~*~*~tactically~*~*~ (retreating).
 10686 | Lair:3   | 10686 ||| Stepping ~*~*~tactically~*~*~ (retreating).
 10939 | Lair:3   | 10939 ||| READING scroll labelled UXEVVO YVIKO.
 10991 | Lair:4   | 10991 ||| INVOKING Heroism.
 11071 | Lair:4   | 11071 ||| INVOKING Heroism.
 11090 | Lair:4   | Received a gift from Okawaru
 11099 | Lair:4   | 11099 ||| RETREATING.
 11113 | Lair:4   | 11113 ||| INVOKING Heroism.
 11154 | Lair:4   | 11154 ||| INVOKING Heroism.
 11242 | Lair:4   | 11242 ||| RETREATING.
 11248 | Lair:4   | 11248 ||| Stepping ~*~*~tactically~*~*~ (retreating).
 11254 | Lair:4   | Reached skill level 17 in Ranged Weapons
 11760 | Lair:4   | 11760 ||| UPGRADING to +2 helmet of see invisible.
 11770 | Lair:4   | 11770 ||| DROPPING +2 helmet.
 11807 | Lair:5   | Entered Level 5 of the Lair of Beasts
 11807 | Lair:5   | Found a viscous altar of Jiyva.
 11807 | Lair:5   | Found a staircase to the Slime Pits.
 11808 | Lair:5   | 11808 ||| RETREATING.
 11810 | Lair:5   | 11810 ||| Stepping ~*~*~tactically~*~*~ (retreating).
 11811 | Lair:5   | 11811 ||| Stepping ~*~*~tactically~*~*~ (retreating).
 11812 | Lair:5   | 11812 ||| Stepping ~*~*~tactically~*~*~ (retreating).
 11813 | Lair:5   | 11813 ||| Stepping ~*~*~tactically~*~*~ (retreating).
 11814 | Lair:5   | 11814 ||| Stepping ~*~*~tactically~*~*~ (retreating).
 11815 | Lair:5   | 11815 ||| Stepping ~*~*~tactically~*~*~ (retreating).
 11816 | Lair:5   | 11816 ||| Stepping ~*~*~tactically~*~*~ (retreating).
 11817 | Lair:5   | 11817 ||| Stepping ~*~*~tactically~*~*~ (retreating).
 11818 | Lair:5   | 11818 ||| Stepping ~*~*~tactically~*~*~ (retreating).
 11819 | Lair:5   | 11819 ||| Stepping ~*~*~tactically~*~*~ (retreating).
 11843 | Lair:5   | 11843 ||| RETREATING.
 11852 | Lair:5   | 11852 ||| RETREATING.
 11869 | Lair:5   | Reached skill level 6 in Dodging
 11921 | Lair:5   | 11921 ||| INVOKING Heroism.
 11922 | Lair:5   | 11922 ||| INVOKING Finesse.
 11924 | Lair:5   | 11924 ||| Stepping ~*~*~tactically~*~*~ (retreating).
 11944 | Lair:5   | 11944 ||| RETREATING.
 11953 | Lair:5   | 11953 ||| Stepping ~*~*~tactically~*~*~ (retreating).
 11954 | Lair:5   | 11954 ||| Stepping ~*~*~tactically~*~*~ (retreating).
 11955 | Lair:5   | 11955 ||| Stepping ~*~*~tactically~*~*~ (retreating).
 12046 | Lair:5   | 12046 ||| INVOKING Heroism.
 12071 | Lair:5   | 12071 ||| RETREATING.
 12074 | Lair:5   | 12074 ||| Stepping ~*~*~tactically~*~*~ (retreating).
 12075 | Lair:5   | 12075 ||| Stepping ~*~*~tactically~*~*~ (retreating).
 12076 | Lair:5   | 12076 ||| Stepping ~*~*~tactically~*~*~ (retreating).
 12077 | Lair:5   | 12077 ||| Stepping ~*~*~tactically~*~*~ (retreating).
 12078 | Lair:5   | 12078 ||| Stepping ~*~*~tactically~*~*~ (retreating).
 12079 | Lair:5   | 12079 ||| Stepping ~*~*~tactically~*~*~ (retreating).
 12082 | Lair:5   | 12082 ||| Stepping ~*~*~tactically~*~*~ (retreating).
 12083 | Lair:5   | 12083 ||| Stepping ~*~*~tactically~*~*~ (retreating).
 12084 | Lair:5   | 12084 ||| INVOKING Heroism.
 12085 | Lair:5   | 12085 ||| RETREATING.
 12086 | Lair:5   | 12086 ||| Stepping ~*~*~tactically~*~*~ (retreating).
 12089 | Lair:5   | 12089 ||| Stepping ~*~*~tactically~*~*~ (retreating).
 12093 | Lair:5   | Reached skill level 18 in Ranged Weapons
 12093 | Lair:5   | Gained mutation: Your large and strong wings let you fly.
                  | [Gargoyle growth]
 12093 | Lair:5   | Reached XP level 14. HP: 90/90 MP: 19/21
 12164 | Lair:5   | Received a gift from Okawaru
 12253 | Lair:5   | 12253 ||| Stepping ~*~*~tactically~*~*~ (retreating).
 12254 | Lair:5   | 12254 ||| Stepping ~*~*~tactically~*~*~ (retreating).
 12255 | Lair:5   | 12255 ||| Stepping ~*~*~tactically~*~*~ (retreating).
 12256 | Lair:5   | 12256 ||| Stepping ~*~*~tactically~*~*~ (retreating).
 12257 | Lair:5   | 12257 ||| Stepping ~*~*~tactically~*~*~ (retreating).
 12258 | Lair:5   | 12258 ||| Stepping ~*~*~tactically~*~*~ (retreating).
 12260 | Lair:5   | 12260 ||| RETREATING.
 12262 | Lair:5   | 12262 ||| Stepping ~*~*~tactically~*~*~ (retreating).
 12263 | Lair:5   | 12263 ||| Stepping ~*~*~tactically~*~*~ (retreating).
 12269 | Lair:5   | Reached skill level 12 in Fighting
 12271 | Lair:5   | 12271 ||| INVOKING Heroism.
 12313 | Lair:5   | Reached skill level 6 in Armour
 12425 | Lair:5   | 12425 ||| INVOKING Heroism.
 12453 | Lair:5   | 12453 ||| Stepping ~*~*~tactically~*~*~ (retreating).
 12454 | Lair:5   | 12454 ||| Stepping ~*~*~tactically~*~*~ (retreating).
 12455 | Lair:5   | 12455 ||| Stepping ~*~*~tactically~*~*~ (retreating).
 12605 | Lair:5   | 12605 ||| RETREATING.
 12608 | Lair:5   | 12608 ||| Stepping ~*~*~tactically~*~*~ (retreating).
 12610 | Lair:5   | 12610 ||| Stepping ~*~*~tactically~*~*~ (retreating).
 12611 | Lair:5   | 12611 ||| Stepping ~*~*~tactically~*~*~ (retreating).
 12612 | Lair:5   | 12612 ||| Stepping ~*~*~tactically~*~*~ (retreating).
 12615 | Lair:5   | 12615 ||| Stepping ~*~*~tactically~*~*~ (retreating).
 12616 | Lair:5   | 12616 ||| Stepping ~*~*~tactically~*~*~ (retreating).
 12617 | Lair:5   | 12617 ||| Stepping ~*~*~tactically~*~*~ (retreating).
 12778 | Lair:5   | 12778 ||| RETREATING.
 12779 | Lair:5   | 12779 ||| INVOKING Heroism.
 12780 | Lair:5   | 12780 ||| INVOKING Finesse.
 12963 | Lair:5   | 12963 ||| INVOKING Heroism.
 12964 | Lair:5   | 12964 ||| INVOKING Finesse.
 12967 | Lair:5   | Reached skill level 19 in Ranged Weapons
 13021 | Lair:5   | Identified the +4 halberd "Dunamiuh" {antimagic, rPois rF+
                  | Dex-3}
 13155 | Lair:5   | 13155 ||| PLANNING D:1-11
 13155 | Lair:5   | 13155 ||| UPGRADING to +2 pair of gloves.
 13165 | Lair:5   | 13165 ||| DROPPING +1 pair of gloves of True Grit {rElec}.
 13166 | Lair:5   | 13166 ||| DROPPING ring of ice.
 13167 | Lair:5   | 13167 ||| READING 7 scrolls of identify.
 13167 | Lair:5   | 13167 ||| IDENTIFYING murky puce potion
 13168 | Lair:5   | 13168 ||| DROPPING potion of ambrosia.
 13314 | D:10     | Entered Level 10 of the Dungeon
 13385 | D:10     | Noticed Erolcha
 13385 | D:10     | Noticed Fannar
 13386 | D:10     | 13386 ||| Stepping ~*~*~tactically~*~*~ (outnumbered).
 13387 | D:10     | 13387 ||| INVOKING Heroism.
 13390 | D:10     | 13390 ||| INVOKING Finesse.
 13391 | D:10     | Killed Erolcha
 13414 | D:10     | Killed Fannar
 13559 | D:10     | Received a gift from Okawaru
 13618 | D:10     | Noticed Psyche
 13621 | D:10     | Killed Psyche
 13802 | D:10     | Found a shimmering blue altar of Sif Muna.
 13878 | D:10     | 13878 ||| READING 7 scrolls of identify.
 13878 | D:10     | 13878 ||| IDENTIFYING blue potion
 13879 | D:10     | 13879 ||| DROPPING potion of berserk rage.
 13941 | D:11     | Found Zecvemanuu's Weapon Emporium.
 13961 | D:11     | 13961 ||| DRINKING 2 potions of curing.
 13961 | D:11     | 13961 ||| (to cure confusion)
 14029 | D:11     | Noticed Snorg
 14030 | D:11     | 14030 ||| INVOKING Heroism.
 14031 | D:11     | 14031 ||| INVOKING Finesse.
 14033 | D:11     | Killed Snorg
 14271 | D:11     | Noticed Harold
 14274 | D:11     | Killed Harold
 14316 | D:11     | Noticed Gastronok
 14325 | D:11     | Killed Gastronok
 14499 | D:11     | 14499 ||| PLANNING D
 14499 | D:11     | 14499 ||| UPGRADING to +2 troll leather armour {Snorg}.
 14509 | D:11     | 14509 ||| DROPPING +0 troll leather armour.
 14510 | D:11     | 14510 ||| READING scroll labelled KEUMME POASHREOS.
 14541 | D:12     | 14541 ||| RETREATING.
 14542 | D:12     | 14542 ||| Stepping ~*~*~tactically~*~*~ (retreating).
 14543 | D:12     | 14543 ||| Stepping ~*~*~tactically~*~*~ (retreating).
 14544 | D:12     | 14544 ||| Stepping ~*~*~tactically~*~*~ (retreating).
 14545 | D:12     | 14545 ||| Stepping ~*~*~tactically~*~*~ (retreating).
 14546 | D:12     | 14546 ||| Stepping ~*~*~tactically~*~*~ (retreating).
 14551 | D:12     | Reached XP level 15. HP: 98/98 MP: 22/22
 14767 | D:12     | Noticed Sonja
 14768 | D:12     | 14768 ||| INVOKING Finesse.
 14769 | D:12     | Killed Sonja
 14855 | D:12     | Found a staircase to the Orcish Mines.
 15127 | D:12     | Identified the +2 chain mail of Voleih {rPois} (Okawaru
                  | gifted it to you on level 12 of the Dungeon)
 15127 | D:12     | Received a gift from Okawaru
 15294 | D:13     | 15294 ||| STAIRDANCE
 15349 | D:13     | Reached skill level 20 in Ranged Weapons
 15385 | D:13     | Found a snail-covered altar of Cheibriados.
 15392 | D:13     | 15392 ||| RETREATING.
 15452 | D:13     | Noticed Azrael
 15453 | D:13     | 15453 ||| RETREATING.
 15458 | D:13     | 15458 ||| Stepping ~*~*~tactically~*~*~ (outnumbered).
 15464 | D:13     | 15464 ||| INVOKING Heroism.
 15465 | D:13     | 15465 ||| INVOKING Finesse.
 15468 | D:13     | Killed Azrael
 15586 | D:13     | 15586 ||| Stepping ~*~*~tactically~*~*~ (outnumbered).
 15617 | D:13     | 15617 ||| Stepping ~*~*~tactically~*~*~ (outnumbered).
 15619 | D:13     | 15619 ||| Stepping ~*~*~tactically~*~*~ (outnumbered).
 15621 | D:13     | 15621 ||| Stepping ~*~*~tactically~*~*~ (outnumbered).
 15731 | D:13     | 15731 ||| RETREATING.
 15746 | D:13     | 15746 ||| INVOKING Heroism.
 15751 | D:13     | HP: 12/98 [freezing wraith[a death knight] (15)]
 15752 | D:13     | 15752 ||| READING 9 scrolls of teleportation.
 15753 | D:13     | 15753 ||| DRINKING potion of heal wounds.
 16227 | D:14     | 16227 ||| Stepping ~*~*~tactically~*~*~ (retreating).
 16228 | D:14     | 16228 ||| Stepping ~*~*~tactically~*~*~ (retreating).
 16230 | D:14     | 16230 ||| Stepping ~*~*~tactically~*~*~ (retreating).
 16266 | D:14     | 16266 ||| RETREATING.
 16283 | D:14     | 16283 ||| INVOKING Heroism.
 16358 | D:14     | 16358 ||| Stepping ~*~*~tactically~*~*~ (outnumbered).
 16367 | D:14     | 16367 ||| INVOKING Heroism.
 16417 | D:14     | 16417 ||| Stepping ~*~*~tactically~*~*~ (retreating).
 16418 | D:14     | 16418 ||| INVOKING Heroism.
 16420 | D:14     | 16420 ||| RETREATING.
 16426 | D:14     | 16426 ||| Stepping ~*~*~tactically~*~*~ (retreating).
 16439 | D:14     | Reached skill level 15 in Fighting
 16590 | D:14     | 16590 ||| Stepping ~*~*~tactically~*~*~ (outnumbered).
 16591 | D:14     | Received a gift from Okawaru
 16601 | D:14     | 16601 ||| Stepping ~*~*~tactically~*~*~ (retreating).
 16602 | D:14     | 16602 ||| RETREATING.
 16605 | D:14     | 16605 ||| Stepping ~*~*~tactically~*~*~ (outnumbered).
 16606 | D:14     | 16606 ||| INVOKING Heroism.
 16609 | D:14     | Reached XP level 16. HP: 67/108 MP: 20/23
 16710 | D:14     | Found a gate to the Vaults.
 16784 | D:15     | Entered Level 15 of the Dungeon
 16789 | D:15     | 16789 ||| STAIRDANCE
 16799 | D:15     | 16799 ||| STAIRDANCE
 16828 | D:15     | Reached skill level 9 in Dodging
 16828 | D:15     | 16828 ||| STAIRDANCE
 16956 | D:15     | Noticed Ruat's ghost (adept DECj)
 16968 | D:15     | 16968 ||| RETREATING.
 16987 | D:15     | 16987 ||| Stepping ~*~*~tactically~*~*~ (retreating).
 16988 | D:15     | 16988 ||| INVOKING Heroism.
 16989 | D:15     | 16989 ||| Stepping ~*~*~tactically~*~*~ (retreating).
 16990 | D:15     | 16990 ||| Stepping ~*~*~tactically~*~*~ (retreating).
 16999 | D:15     | 16999 ||| Stepping ~*~*~tactically~*~*~ (retreating).
 17000 | D:15     | Paralysed by an ogre mage for 2 turns
 17003 | D:15     | 17003 ||| Stepping ~*~*~tactically~*~*~ (retreating).
 17029 | D:15     | Identified the +2 crystal plate armour "Umaschun" {-Cast
                  | rN++ Str+5} (Okawaru gifted it to you on level 15 of the
                  | Dungeon)
 17029 | D:15     | Received a gift from Okawaru
 17042 | D:15     | Reached ****** piety under Okawaru
 17077 | D:15     | 17077 ||| READING scroll of enchant armour.
 17077 | D:15     | 17077 ||| ENCHANTING +0 pair of boots.
 17143 | D:15     | Found a runed translucent gate.
 17143 | D:15     | Found a runed translucent gate.
 17143 | D:15     | Found a runed translucent gate.
 17183 | D:15     | 17183 ||| Stepping ~*~*~tactically~*~*~ (outnumbered).
 17185 | D:15     | 17185 ||| INVOKING Heroism.
 17186 | D:15     | 17186 ||| Stepping ~*~*~tactically~*~*~ (outnumbered).
 17307 | D:15     | 17307 ||| RETREATING.
 17376 | D:15     | 17376 ||| INVOKING Heroism.
 17377 | D:15     | 17377 ||| READING 8 scrolls of teleportation.
 17430 | D:15     | Found a staircase to the Depths.
 17473 | D:15     | 17473 ||| PLANNING ORC
 17556 | Orc:1    | Entered Level 1 of the Orcish Mines
 17611 | Orc:1    | 17611 ||| Stepping ~*~*~tactically~*~*~ (outnumbered).
 17612 | Orc:1    | 17612 ||| Stepping ~*~*~tactically~*~*~ (outnumbered).
 17613 | Orc:1    | 17613 ||| Stepping ~*~*~tactically~*~*~ (outnumbered).
 17614 | Orc:1    | 17614 ||| Stepping ~*~*~tactically~*~*~ (outnumbered).
 17617 | Orc:1    | 17617 ||| Stepping ~*~*~tactically~*~*~ (outnumbered).
 17619 | Orc:1    | 17619 ||| Stepping ~*~*~tactically~*~*~ (outnumbered).
 17624 | Orc:1    | 17624 ||| Stepping ~*~*~tactically~*~*~ (outnumbered).
 17638 | Orc:1    | Noticed Nergalle
 17647 | Orc:1    | Killed Nergalle
 17690 | Orc:1    | Reached skill level 9 in Armour
 17781 | Orc:2    | Entered Level 2 of the Orcish Mines
 17781 | Orc:2    | Found Cupto's Antique Weapon Emporium.
 17782 | Orc:2    | 17782 ||| Stepping ~*~*~tactically~*~*~ (outnumbered).
 17783 | Orc:2    | 17783 ||| RETREATING.
 17785 | Orc:2    | 17785 ||| INVOKING Heroism.
 17786 | Orc:2    | 17786 ||| RETREATING.
 17791 | Orc:2    | 17791 ||| Stepping ~*~*~tactically~*~*~ (retreating).
 17792 | Orc:2    | 17792 ||| Stepping ~*~*~tactically~*~*~ (retreating).
 17858 | Orc:2    | 17858 ||| INVOKING Heroism.
 17897 | Orc:2    | 17897 ||| INVOKING Heroism.
 17898 | Orc:2    | 17898 ||| Stepping ~*~*~tactically~*~*~ (outnumbered).
 17905 | Orc:2    | 17905 ||| Stepping ~*~*~tactically~*~*~ (outnumbered).
 17906 | Orc:2    | 17906 ||| Stepping ~*~*~tactically~*~*~ (outnumbered).
 17907 | Orc:2    | Paralysed by an orc sorcerer for 2 turns
 17931 | Orc:1    | 17931 ||| Stepping ~*~*~tactically~*~*~ (outnumbered).
 17938 | Orc:1    | 17938 ||| Stepping ~*~*~tactically~*~*~ (outnumbered).
 17939 | Orc:1    | 17939 ||| Stepping ~*~*~tactically~*~*~ (outnumbered).
 18015 | Orc:1    | Found a dark tunnel.
 18159 | Orc:2    | Found Ibog's General Store.
 18168 | Orc:2    | 18168 ||| BUYING scroll of identify (30 gold).
 18168 | Orc:2    | Bought a scroll of identify for 30 gold pieces
 18222 | Orc:2    | 18222 ||| INVOKING Heroism.
 18241 | Orc:2    | Found Rasm's Antique Armour Shop.
 18247 | Orc:2    | 18247 ||| INVOKING Heroism.
 18254 | Orc:2    | 18254 ||| Stepping ~*~*~tactically~*~*~ (outnumbered).
 18265 | Orc:2    | 18265 ||| INVOKING Finesse.
 18279 | Orc:2    | 18279 ||| INVOKING Heroism.
 18280 | Orc:2    | 18280 ||| RETREATING.
 18337 | Orc:2    | 18337 ||| INVOKING Heroism.
 18404 | Orc:2    | Found Taympi's Weapon Shop.
 18404 | Orc:2    | Found a staircase to the Elven Halls.
 18430 | Orc:2    | 18430 ||| Stepping ~*~*~tactically~*~*~ (retreating).
 18431 | Orc:2    | 18431 ||| Stepping ~*~*~tactically~*~*~ (retreating).
 18432 | Orc:2    | 18432 ||| Stepping ~*~*~tactically~*~*~ (retreating).
 18436 | Orc:2    | 18436 ||| Stepping ~*~*~tactically~*~*~ (retreating).
 18437 | Orc:2    | 18437 ||| Stepping ~*~*~tactically~*~*~ (retreating).
 18438 | Orc:2    | 18438 ||| Stepping ~*~*~tactically~*~*~ (retreating).
 18439 | Orc:2    | 18439 ||| RETREATING.
 18442 | Orc:2    | 18442 ||| Stepping ~*~*~tactically~*~*~ (retreating).
 18443 | Orc:2    | 18443 ||| Stepping ~*~*~tactically~*~*~ (retreating).
 18444 | Orc:2    | 18444 ||| Stepping ~*~*~tactically~*~*~ (retreating).
 18445 | Orc:2    | 18445 ||| STAIRDANCE
 18464 | Orc:2    | 18464 ||| INVOKING Heroism.
 18497 | Orc:2    | Found Quistra's Jewellery Emporium.
 18506 | Orc:2    | 18506 ||| BUYING amulet of faith (600 gold).
 18506 | Orc:2    | Bought an amulet of faith for 600 gold pieces
 18506 | Orc:2    | 18506 ||| BUYING brooch of Shielding {Spirit SH+8} (975
                  | gold).
 18506 | Orc:2    | Bought the brooch of Shielding {Spirit SH+8} for 975 gold
                  | pieces
 18506 | Orc:2    | Found the brooch of Shielding {Spirit SH+8}
 18506 | Orc:2    | 18506 ||| BUYING ring of fire (375 gold).
 18506 | Orc:2    | Bought a ring of fire for 375 gold pieces
 18506 | Orc:2    | 18506 ||| SHOPLISTING ring of fire (375 gold, have 111).
 18522 | Orc:2    | 18522 ||| SHOPLISTING glowing leather armour (145 gold,
                  | have 111).
 18522 | Orc:2    | 18522 ||| SHOPLISTING spiked cloak (275 gold, have 111).
 18605 | Orc:2    | Noticed Saint Roka
 18606 | Orc:2    | 18606 ||| INVOKING Heroism.
 18620 | Orc:2    | Killed Saint Roka
 18690 | Orc:2    | 18690 ||| Stepping ~*~*~tactically~*~*~ (outnumbered).
 18697 | Orc:2    | 18697 ||| INVOKING Heroism.
 18724 | Orc:2    | 18724 ||| INVOKING Heroism.
 18835 | Orc:2    | 18835 ||| PLANNING SPIDER:1-3
 18835 | Orc:2    | 18835 ||| UPGRADING to amulet of faith.
 18845 | Orc:2    | 18845 ||| DROPPING amulet of the acrobat.
 19042 | Spider:1 | Entered Level 1 of the Spider Nest
 19173 | Spider:1 | Noticed Donald
 19174 | Spider:1 | 19174 ||| INVOKING Heroism.
 19185 | Spider:1 | 19185 ||| DRINKING 2 potions of curing.
 19185 | Spider:1 | 19185 ||| (to cure confusion)
 19186 | Spider:1 | HP: 23/112 [Donald/+4 long sword of electrocution (25)]
 19187 | Spider:1 | 19187 ||| READING 8 scrolls of teleportation.
 19188 | Spider:1 | Shot themself with an arrow

Levels and vault maps discovered:
D:1:      lemuel_arrival_funnel, layout_basic, minmay_misc_feat_more_columns,
          wad_floor_pattern_untrapped, minmay_bisected
D:2:      layout_basic, basic_altar, nicolae_half_adder
D:3:      layout_basic, nrook_mini_backslash, kennysheep_potato, uniq_natasha
D:4:      layout_basic
D:5:      layout_loops_cross, serial_bayou, serial_bayou_ford_a,
          serial_bayou_lake_a, serial_bayou_shore_b, serial_bayou_pond_c,
          serial_bayou_pond_c, minmay_starry_boxes, uniq_menkaure
D:6:      layout_basic, lemuel_coloured_pillars_altar, nicolae_overflow_squiral,
          minmay_temple_entry_mini_moons, serial_shops,
          nicolae_shop_getting_attention, moated_statue, lexackson_kobold_supper
D:7:      layout_rooms, st_stairs_2, chequers_serial_rivers_small_3,
          serial_bayou_pond_a, solitary_fountain, minmay_between
D:8:      minmay_gate_of_8, layout_basic, serial_rivers,
          chequers_serial_rivers_room_a, chequers_serial_rivers_room_b,
          chequers_serial_rivers_micro_e, chequers_serial_rivers_micro_a,
          chequers_serial_rivers_marsh, serial_shops, shop,
          kennysheep_generic_room_3
D:9:      layout_rooms, david_lair_generic, serial_co_window_serial,
          co_window_corner_a, co_window_of_opportunity_a, co_window_cross_1,
          co_window_paths_b, co_window_paths_a, co_window_paths_b,
          co_window_paths_c, co_window_broadway_b, co_window_corner_b,
          co_window_corner_b, glass_columns_a, glass_columns_b, glass_columns_a,
          glass_columns_a, minmay_tree_intersection, minivault_26,
          hangedman_abyss_or_decor_slice, kennysheep_generic_room_15
D:10:     layout_roguey, tgw_sif, uniq_fannar, uniq_psyche, uniq_erolcha
D:11:     layout_roguey, serial_shops, shop, uniq_harold, uniq_snorg,
          uniq_gastronok
D:12:     layout_loops_ring, orc_0_dummy, uniq_sonja
D:13:     kennysheep_spiral_hall, layout_basic, cheibriados_altar_1, uniq_azrael
D:14:     layout_rooms, skrybe_vaults_entry_preservation, nicolae_water_bricks
D:15:     gammafunk_enter_depths_forms, layout_rooms, serial_park_fountain,
          maelrawn_ghost_gauntlet_escape
Temple:   regret_index_temple_chain_breaker
Lair:1:   layout_long_grid, serial_rivers, chequers_serial_rivers_micro_d,
          chequers_serial_rivers_room_b, chequers_serial_rivers_room_a,
          chequers_serial_rivers_micro_a, grunt_megastairs_3
Lair:2:   layout_cellular_growth, grunt_megastairs_4
Lair:3:   layout_misc_corridors, elwin_shoals_entry_rocks,
          hellmonk_spider_entry_not_the_bees, nicolae_quartered_pool_impasse,
          grunt_forest_large_clearing_hut, serial_bayou_shore_a,
          lemuel_fruit_tree
Lair:4:   layout_cave_pods
Lair:5:   grunt_lair_end_beastmaster, layout_regular_city,
          nicolae_slime_entry_slimehenge, chequers_serial_rivers_small_a
Spider:1: layout_spider_delve, nzn_ghost_randoct,
          hangedman_spider_tarantella_strand, uniq_donald, uniq_roxanne
Orc:1:    layout_caves, nicolae_volcano_entry_two_sided, uniq_nergalle
Orc:2:    grunt_orc_gardens, layout_diamond_mine, grunt_orc_garden,
          grunt_orc_garden, grunt_orc_garden, grunt_orc_garden, serial_shops,
          nicolae_shop_bloodbath_and_beyond, uniq_saint_roka

Skill      XL: |  1  2  3  4  5  6  7  8  9 10 11 12 13 14 15 16 |
---------------+-------------------------------------------------+-----
Ranged Weapons | 5 6 7 8 10 11 13 14 15 18 19 20 | 20.0
Fighting       | 3 4 5 6 8 9 10 11 13 15 17 | 17.0
Armour         | 1 3 5 6 7 9 |  9.0
Dodging        | 2 3 4 5 6 7 8 9 |  9.6
Invocations    | 4 7 10 | 10.1
Stealth        | |  1.1

Action                     |  1- 3 |  4- 6 |  7- 9 | 10-12 | 13-15 | 16-18 || total
---------------------------+-------+-------+-------+-------+-------+-------++-------
   Fire: Shortbow          |    74 |   130 |   216 |       |       |       ||   420
         Longbow           |       |       |    92 |   452 |   845 |   475 ||  1864
 Invoke: Heroism           |       |       |     6 |    14 |    21 |    15 ||    56
         Finesse           |       |       |       |     3 |     7 |     1 ||    11
    Use: Scroll            |     3 |     5 |    12 |     4 |     5 |     3 ||    32
         Potion            |       |     1 |     5 |     5 |     2 |     1 ||    14
 Armour: Leather armour    |    18 |       |     7 |    49 |       |       ||    74
         Ring mail         |       |    43 |    72 |       |       |       ||   115
         Troll leather arm |       |       |       |   101 |   306 |   196 ||   603
  Dodge: Dodged            |    12 |    36 |   121 |   224 |   530 |   430 ||  1353

Table legend:
 A = Non-vault XP
 B = Vault XP
 C = Vault XP percentage of total XP
 D = Non-vault monster count
 E = Vault monster count
 F = Vault count percentage of total count
                 A         B        C        D         E       F
            +---------+---------+-------+---------+---------+-------
      Total |  127646 |   46403 |  26.7 |     576 |     151 |  20.8
            +---------+---------+-------+---------+---------+-------
        D:1 |      21 |       6 |  22.2 |      12 |       3 |  20.0
        D:2 |      29 |      26 |  47.3 |      12 |       2 |  14.3
        D:3 |     214 |      39 |  15.4 |      20 |       4 |  16.7
        D:4 |     241 |       0 |   0.0 |      16 |       0 |   0.0
        D:5 |     566 |     452 |  44.4 |      17 |       7 |  29.2
        D:6 |    1079 |     117 |   9.8 |      20 |       8 |  28.6
        D:7 |     892 |     307 |  25.6 |      21 |       5 |  19.2
        D:8 |    2237 |       0 |   0.0 |      44 |       0 |   0.0
        D:9 |    2625 |    1305 |  33.2 |      34 |       6 |  15.0
       D:10 |    3445 |    2148 |  38.4 |      11 |       4 |  26.7
       D:11 |    3628 |    3315 |  47.7 |      14 |       3 |  17.6
       D:12 |    7372 |     772 |   9.5 |      22 |       1 |   4.3
       D:13 |   10744 |    3771 |  26.0 |      35 |      10 |  22.2
       D:14 |   19571 |    4636 |  19.2 |      40 |       9 |  18.4
       D:15 |   15763 |    4138 |  20.8 |      30 |       9 |  23.1
     Lair:1 |    8381 |     736 |   8.1 |      31 |       2 |   6.1
     Lair:2 |    1390 |    1176 |  45.8 |       5 |       6 |  54.5
     Lair:3 |   10817 |    1310 |  10.8 |      26 |       5 |  16.1
     Lair:4 |   10162 |       0 |   0.0 |      28 |       0 |   0.0
     Lair:5 |   20976 |    8638 |  29.2 |      53 |      24 |  31.2
   Spider:1 |     679 |       0 |   0.0 |       1 |       0 |   0.0
      Orc:1 |    1962 |     903 |  31.5 |      36 |       2 |   5.3
      Orc:2 |    4852 |   12608 |  72.2 |      48 |      41 |  46.1
            +---------+---------+-------+---------+---------+-------
